 Dungeon Crawl Stone Soup version 0.32-a0-132-g2d33c3c (webtiles) character file.

Game seed: 11865263094709702695

138 Dorkslayer the Shield-Bearer (level 5, -4/36 HPs)
             Began as an Octopode Fighter on Feb 8, 2024.
             Slain by Grinder (5 damage)
             ... on level 3 of the Dungeon.
             The game lasted 00:04:01 (2195 turns).

Dorkslayer the Shield-Bearer (Octopode Fighter)     Turns: 2195, Time: 00:04:02

Health: -4/36      AC:  1    Str: 17    XL:     5   Next: 21%
Magic:  5/5        EV: 13    Int: 10    God:
Gold:   127        SH:  4    Dex: 12    Spells: 4/4 levels left

rFire   . .          .
                       - Unarmed
rCold   . . .        a - +0 buckler
rNeg    . . .        (helmet restricted)
rPois   .            (no amulet)
rElec   .            (no ring)
rCorr   .            (no ring)
SInv    .            (no ring)
Will    .....        (no ring)
Stlth   +++          (no ring)
HPRegen 0.26/turn    (no ring)
MPRegen 0.09/turn    (no ring)
                     (no ring)

%: no passive effects
@: on berserk cooldown, slowed, very slow
A: almost no armour, amphibious, 8 rings, camouflage 1, gelatinous body 1,
(nimble swimmer 1), tentacles
a: no special abilities


You were on level 3 of the Dungeon.
You visited 1 branch of the dungeon, and saw 3 of its levels.

You collected 127 gold pieces.

Inventory:

Hand Weapons
 i - a +1 hand axe
Armour
 a - a +0 buckler (worn)
Scrolls
 b - 2 scrolls of poison {unknown}
 c - a scroll of teleportation
 e - a scroll of fog
 h - a scroll of noise {unknown}
 j - 2 scrolls of enchant weapon
 k - a scroll of revelation {unknown}
 l - a scroll of immolation {unknown}


   Skills:
 + Level 3.4 Fighting
 * Level 1.1 Axes
 + Level 3.2 Dodging
 + Level 3.3 Stealth
 + Level 3.4 Shields
 * Level 3.2 Unarmed Combat


You had 4 spell levels left.
You didn't know any spells.
Your spell library contained the following spells:

 Spells                   Type           Power      Damage    Failure   Level
 Sandblast                Erth           0%         2d4       43%         1
 Sting                    Conj/Alch      0%         1d3       43%         1
 Mercury Vapours          Alch/Air       0%         N/A       58%         2
 Passwall                 Erth           0%         N/A       82%         3
 Stone Arrow              Conj/Erth      0%         3d7       82%         3
 Brom's Barrelling Bould  Conj/Erth      0%         2d3       99%         4
 Olgreb's Toxic Radiance  Alch           0%         N/A       99%         4


Dungeon Overview and Level Annotations

Branches:
Dungeon (3/15)

Altars:
Elyvilon
Trog

Annotations:
D:3 Grinder


Innate Abilities, Weirdness & Mutations

You cannot wear most types of armour.
You are amphibious.
You can wear up to eight rings at the same time.
Your skin changes colour to match your surroundings (Stealth+).
Your rubbery body absorbs attacks. (AC +1, EV +1)
((You are camouflaged when in or above water. (Stealth+)))
You have tentacles for arms and can constrict up to eight enemies at once.


Message History

Grinder comes into view.
Okay, then.
Okay, then.
Grinder shouts!
Grinder gestures at you. You resist with significant effort.
Grinder gestures at you.
You suddenly lose the ability to move!
A giant cockroach comes into view.
You can move again.
Unknown command.
A red film seems to cover your vision as you go berserk!
You feel yourself moving faster!
You feel mighty!
Grinder blinks!
Found a blade talisman.
You feel a strong urge to attack something.
Grinder gestures at you.
You shrug off the repeated paralysis!
You feel your anger nearly subside.
You are no longer berserk.
You are exhausted.
You feel yourself slow down.
The giant cockroach waves its antennae.
The giant cockroach bites you. Grinder completely misses you.
You tentacle-slap Grinder but do no damage.
You grab Grinder. You constrict Grinder. The giant cockroach misses you.
Grinder hits you!
You writhe in agony.
The giant cockroach barely misses you.
Grinder struggles to blink free from constriction.
You tentacle-slap Grinder but do no damage.
Grinder is lightly wounded.
You constrict Grinder.
The giant cockroach completely misses you.
Grinder hits you!
You writhe in agony.
The giant cockroach closely misses you.
You bludgeon Grinder!
Grinder is moderately wounded.
You constrict Grinder. The giant cockroach barely misses you.
Grinder gestures at you. Pain shoots through your body!
* * * LOW HITPOINT WARNING * * *
Grinder hits you.
You die...
Grinder says, "Now the real fun starts!"

## .. #.
.. ##.# %#
###...#.#
.......#
#.....#
#5#.####.#
#.@B.....#
###.######
#.# #. #.#
## #.# #.#
#.###.##
#.#
...#..>#
#.# ......
#.# ....
#.#


You could see Grinder and a giant cockroach.

Vanquished Creatures
  Terence (D:3)
  4 adders
  3 dart slugs
  7 endoplasms
  3 giant cockroaches
  9 hobgoblins
  7 jackals (D:1)
  2 quokkas
  6 ball pythons
  2 bats
  7 frilled lizards
  7 goblins
  4 kobolds
  4 rats
66 creatures vanquished.

Notes
Turn   | Place    | Note
-------+----------+-------------------------------------------
     0 | D:1      | Dorkslayer the Octopode Fighter began the quest for the
                  | Orb.
     0 | D:1      | Reached XP level 1. HP: 16/16 MP: 1/1
    53 | D:1      | Reached XP level 2. HP: 21/21 MP: 2/2
   215 | D:1      | Reached XP level 3. HP: 26/26 MP: 3/3
   863 | D:2      | Reached skill level 1 in Stealth
  1391 | D:2      | Reached XP level 4. HP: 31/31 MP: 4/4
  1908 | D:3      | Noticed Terence
  1920 | D:3      | Killed Terence
  1947 | D:3      | Reached XP level 5. HP: 25/36 MP: 5/5
  1989 | D:3      | Found a bloodstained altar of Trog.
  1989 | D:3      | Found a white marble altar of Elyvilon.
  2012 | D:3      | Reached skill level 1 in Axes
  2183 | D:3      | Noticed Grinder
  2186 | D:3      | Paralysed by Grinder for 3 turns
  2195 | D:3      | HP: 1/36 [Grinder/nerve-wracking pain (11)]
  2195 | D:3      | Slain by Grinder

Illustrated notes

Levels and vault maps discovered:
D:1:      amcnicky_arrival_blooded_trapdoor, layout_loops_ring
D:2:      layout_basic, amethyst_killhole
D:3:      layout_loops_corners, chequers_temple_overflow_statue_of_worship,
          uniq_robin, uniq_terence, uniq_ijyb, uniq_grinder

Skill      XL: |  1  2  3  4  5 |
---------------+----------------+-----
Stealth        | 1 3 |  3.3
Unarmed Combat | 3 |  3.2
Axes           | 1 |  1.1
Fighting       | |  3.4
Dodging        | |  3.2
Shields        | |  3.4

Action                     |  1- 3 |  4- 6 || total
---------------------------+-------+-------++-------
  Melee: Unarmed           |    90 |    48 ||   138
         Constrict         |    25 |    10 ||    35
         Tentacles         |    25 |     8 ||    33
         Punch             |     5 |     2 ||     7
    Use: Scroll            |       |     6 ||     6
         Potion            |       |     4 ||     4
   Stab: Sleeping          |    11 |     6 ||    17
         Distracted        |       |     2 ||     2
 Armour: Skin              |    29 |    24 ||    53
  Dodge: Dodged            |    35 |    27 ||    62
  Block: Buckler           |    10 |     4 ||    14

Table legend: (Time is in decaauts)
 A = Elapsed time spent in this place.
 B = Non-inter-level travel time spent in this place.
 C = Inter-level travel time spent in this place.
 D = Time resting spent in this place.
 E = Time spent auto-exploring this place.
 F = Levels seen in this place.
 G = Mean time per level.
                   A        B        C        D        E       F      G
               +--------+--------+--------+--------+--------+-----+--------+
         Total |   2192 |   2192 |      0 |      0 |   1452 |   3 |  730.7 |
       Dungeon |   2192 |   2192 |      0 |      0 |   1452 |   3 |  730.7 |
               +--------+--------+--------+--------+--------+-----+--------+

Top non-repeatable levels by time:
     D:2: 1059 daAuts
     D:1: 838 daAuts
     D:3: 295 daAuts
